cohdb
Replays
Latest Replays
All Replays
Popular Replays
Top Player Replays
Match Explorer
How It Works
Community
CoH3 Stats
Reddit
Sign in to upload your games and track your stats! →
Sign in with Steam
Match 40311895
Unlisted
Match 40311895
Overview
Messages
Build Orders
End
Construct Weapon Support Center
Engineer Squad
Selects Heavy Weapons
Bazooka Squad
M1919 Machine Gun Team
Construct Barracks
Selects M2HB .50cal Heavy Machine Gun
Riflemen Squad
Riflemen Squad
Bazooka Squad
Infantry Support Center
Selects Assault Carriers
M3 Assault Carrier
Improved M9 Bazooka Rockets
M1918 Browning Automatic Rifles
Selects Exchangeable Parts
Survival Training
Bazooka Squad
wizard
TidaL
KnDGOD
Seweryn
Ratking_Lu
The Last Hussar
0
0
Comments
sign in to comment!
No comments posted yet!